 Dungeon Crawl Stone Soup version 0.30-a0-930-gb9d0489357 (webtiles) character file.

Game seed: 9902176320006439161

109 bearlyready the Chopper (level 4, -8/58 HPs)
             Began as an Armataur Berserker on Mar 24, 2023.
             Was a Follower of Trog.
             Killed by divine providence
             ... invoked by an orc priest
              (12 damage)
             ... on level 3 of the Dungeon.
             The game lasted 00:02:27 (1937 turns).

bearlyready the Chopper (Armataur Berserker)        Turns: 1937, Time: 00:02:28

Health: -8/58      AC:  7    Str: 24    XL:     4   Next: 59%
Magic:  4/4        EV: 14    Int:  8    God:    Trog [*.....]
Gold:   138        SH:  0    Dex:  9    Spells: 3/3 levels left

rFire   . . .      SeeInvis .    a - +0 hand axe
rCold   . . .      Faith    .    (no shield)
rNeg    . . .      Spirit   .    p - +0 ring mail
rPois   .          Reflect  .    (no helmet)
rElec   .          Roll     +    k - +0 cloak
rCorr   .                        (no gloves)
Will    .....                    (no barding) Stlth
                                 (no amulet)
HPRegen 0.29/turn                o - +5 ring of evasion
MPRegen 0.09/turn                (no ring)

@: berserking, very quick
A: large, rugged brown scales 3, deformed body, armoured tail, roll, long
tongue, awkward tongue
a: Renounce Religion, Berserk


You were on level 3 of the Dungeon.
You worshipped Trog.
Trog was aware of your devotion.
You visited 1 branch of the dungeon, and saw 3 of its levels.

You collected 138 gold pieces.

Inventory:

Hand Weapons
 a - a +0 hand axe (weapon)
Missiles
 c - 35 stones (quivered)
Armour
 k - a +0 cloak (worn)
 p - a +0 ring mail (worn)
Jewellery
 o - a +5 ring of evasion (left hand)
Scrolls
 e - 2 scrolls of identify {unknown}
 g - 3 scrolls of magic mapping {unknown}
 h - a scroll of enchant weapon {unknown}
 j - a scroll of acquirement {unknown}
 l - a scroll of amnesia {unknown}
 m - a scroll of immolation {unknown}
 n - a scroll of fear {unknown}
Potions
 d - 3 potions of curing {unknown}
 f - 2 potions of heal wounds {unknown}
 i - 2 potions of resistance {unknown}


   Skills:
 - Level 2.6 Fighting
 + Level 4.5 Axes
 - Level 2.4 Armour
 - Level 1.3 Dodging


You had 3 spell levels left.
You didn't know any spells.
Your spell library was empty.

Dungeon Overview and Level Annotations

Branches:
Dungeon (3/15)

Altars:

Shops:
D:2 *


Innate Abilities, Weirdness & Mutations

You are completely covered in rugged brown scales. (AC +3, +7% HP)
Armour fits poorly on your strangely shaped body.
You have a long armoured tail.
You roll when moving toward enemies. (Rampage)
Your long tongue fully drains potion bottles. (2x potion effects)
Your tongue gives you trouble enunciating. (1.5x scroll delay)


Message History

An orc priest comes into view. It is wielding a +0 club.
The orc priest invokes the aid of Beogh against you.
Pain shoots through your body!
An orc warrior comes into view. It is wielding a +0 dire flail.
The orc priest shouts!
A red film seems to cover your vision as you go berserk!
You feel yourself moving faster!
You feel mighty! The iguana bites you.
You roll towards the orc priest!
A bat comes into view.
You closely miss the orc priest. You tail-slap the orc priest!
The orc priest is almost dead.
You barely miss the orc priest.
Your tail-slap misses the orc priest.
The orc priest is almost dead.
The orc priest hits you with a +0 club.
You slash the orc priest!
You kill the orc priest!
Trog accepts your kill.
You slash the orc!
You kill the orc!
Trog accepts your kill.
You hit the iguana. The iguana bites you!
Your Axes skill increases to level 4!
You have reached level 4!
You feel clever.
You completely miss the iguana. You tail-slap the iguana.
You kill the iguana!
Trog accepts your kill.
The orc priest invokes the aid of Beogh against you.
Beogh smites you!
* * * LOW HITPOINT WARNING * * *
You slash the bat!
You kill the bat!
Trog accepts your kill.
You closely miss the orc.
You roll towards the orc warrior!
You slash the orc warrior!
The orc warrior is moderately wounded.
You closely miss the orc.
The orc priest mumbles some strange prayers to Beogh against you.
Beogh smites you!
You die...

#.# #.# #.# ..# #.#
..# #######.#
######..#
#.......###
#.......##
#.######...
#.....o..#
#.#####....
#....o...#
#..........
+##....@o..#
########...
...........#
#....##...
#..........#
#....##..)
#..........#
#....##...
#..........#
#....##...
#########.##
#....##... #####.###
#.........
#.......###.........
#...................


You could see an orc warrior, an orc priest and an orc.

Vanquished Creatures
  An iguana (D:3)
  An orc priest (D:3)
  2 adders (D:2)
  An orc (D:3)
  3 ball pythons
  4 endoplasms
  3 hobgoblins (D:2)
  3 quokkas (D:2)
  2 bats
  3 goblins
  6 kobolds
  3 rats (D:2)
32 creatures vanquished.

Notes
Turn   | Place    | Note
-------+----------+-------------------------------------------
     0 | D:1      | bearlyready the Armataur Berserker began the quest for the
                  | Orb.
     0 | D:1      | Reached XP level 1. HP: 19/19 MP: 1/1
   538 | D:1      | Reached XP level 2. HP: 20/26 MP: 2/2
   640 | D:1      | Reached skill level 3 in Axes
   680 | D:1      | Found a faded altar of an unknown god.
   929 | D:2      | Reached XP level 3. HP: 10/32 MP: 3/3
  1068 | D:2      | Found Pacucum's Assorted Antiques.
  1346 | D:2      | You fall into a shaft and drop 1 floor!
  1930 | D:3      | Noticed an orc warrior
  1935 | D:3      | Reached skill level 4 in Axes
  1935 | D:3      | Reached XP level 4. HP: 18/39 MP: 4/4
  1937 | D:3      | Killed from afar by an orc priest

Illustrated notes

Levels and vault maps discovered:
D:1:      dpeg_arrival_yet_another_circle, layout_basic,
          ebering_ecumenical_altar_webs, item_on_display_a
D:2:      layout_basic, serial_shops, shop
D:3:      layout_basic, serial_shops, shop, dk_vineyard_2,
          hangedman_feature_mirror

Skill      XL: |  1  2  3 |
---------------+----------+-----
Axes           | 3 4 |  4.5
Fighting       | |  2.6
Armour         | |  2.4
Dodging        | |  1.3

Action                     |  1- 3 |  4- 6 || total
---------------------------+-------+-------++-------
  Melee: Hand axe          |    87 |     3 ||    90
         Tailslap          |     8 |     1 ||     9
 Invoke: Berserk           |     1 |       ||     1
 Armour: Animal skin       |    31 |       ||    31
         Ring mail         |     1 |       ||     1
  Dodge: Dodged            |    34 |       ||    34

Table legend: (Time is in decaauts)
 A = Elapsed time spent in this place.
 B = Non-inter-level travel time spent in this place.
 C = Inter-level travel time spent in this place.
 D = Time resting spent in this place.
 E = Time spent auto-exploring this place.
 F = Levels seen in this place.
 G = Mean time per level.
                   A        B        C        D        E       F      G
               +--------+--------+--------+--------+--------+-----+--------+
         Total |   1945 |   1855 |     90 |      0 |   1630 |   3 |  648.3 |
       Dungeon |   1945 |   1855 |     90 |      0 |   1630 |   3 |  648.3 |
               +--------+--------+--------+--------+--------+-----+--------+

Top non-repeatable levels by time:
     D:2: 930 daAuts
     D:1: 899 daAuts
     D:3: 115 daAuts
